[Event "Late-Titled-Tuesday-Blitz-March-12-2024"]
[Site "Chess.com"]
[Date "2024.03.12"]
[Round "6"]
[White "mightysmasher"]
[Black "oskariot"]
[Result "1/2-1/2"]
[WhiteElo "2600"]
[BlackElo "2762"]
[TimeControl "180+1"]
[EndTime "15:05:56 PDT"]
[Termination "Game drawn by repetition"]

1. e4 c5 2. c3 d6 3. d4 Nf6 4. Bd3 Nc6 5. Nf3 e5 6. d5 Ne7 7.
O-O Ng6 8. a3 Be7 9. b4 Nd7 10.
Re1 O-O 11. c4 b6 12. Nc3 Nf6 13. Ne2 Nh5 14. h3 h6 15. Ng3 Nhf4 16. Nf5 Bf6 17.
Rb1 Nxd3 18. Qxd3 Ne7 19. g4 Nxf5 20. gxf5 Kh7 21. Kh1 g6 22. Qe3 Bg7 23. Qd3 gxf5 24. exf5 Qf6 25. Nh4 Rg8 26. Qe4 Bd7 27. Be3 Bh8 28.
bxc5 dxc5 29. Rg1 Bg7 30. Qg4 Bh8 31. Qh5 Rxg1+ 32. Rxg1 Rg8 33. Rxg8 Kxg8 34. Bxh6 e4 35. Qg4+ Kh7 36. Bg5 Qd4 37. Be3 Qxc4 38. Qh5+ Kg8 39. Qg5+ Kh7 40. Qh5+ Kg8 41. Qg5+ Kh7 42. Qh5+ 1/2-1/2

[Event "Late-Titled-Tuesday-Blitz-March-12-2024"]
[Site "Chess.com"]
[Date "2024.03.12"]
[Round "6"]
[White "Kavyev_Ruslan"]
[Black "carloseduar100"]
[Result "0-1"]
[WhiteElo "2493"]
[BlackElo "2326"]
[TimeControl "180+1"]
[EndTime "15:05:57 PDT"]
[Termination "carloseduar100 won by checkmate"]

1. d4 d5 2. Nf3 c6 3. c4 Nf6 4. Nc3 dxc4 5. a4 h6 6. e4 Be6 7.
Ne5 Nbd7 8. Nxc4 Bxc4 9. Bxc4 e6 10. O-O Bb4 11. Qc2 Bxc3 12. bxc3 e5 13. Be3 O-O 14. Rfd1 Qe7 15. f3 exd4 16. cxd4 Rfd8 17. Bf2 Nf8 18.
Qb3 Rab8 19. Bg3 Rbc8 20. Rab1 b6 21. Kh1 Ne6 22. d5 Nc5 23. Qa2 cxd5 24. exd5 Nh5 25. Bf2 Qg5 26. d6 Qg6 27. Bb5 Nf4 28. Bxc5 Rxc5 29.
d7 Rc2 30. Qxc2 Qxc2 31. Rg1 a6 32. Rbc1 Qxc1 33. Rxc1 axb5 34. g3 Ne6 35. axb5 Rxd7 36. Rc6 Rb7 37. Rd6 g5 38. Kg2 Kg7 39. h4 gxh4 40.
gxh4 Kf6 41. Kg3 Ke5 42. Rd1 Rc7 43. Re1+ Kf6 44. Kg4 Rc5 45. Re4 Rxb5 46. Ra4 Rd5 47. Rc4 Rd4+ 48. Rxd4 Nxd4 49. h5 Nxf3 50. Kf4 Ne5 51. Ke4 b5 52. Kd5 b4 53. Kd4 Nc6+ 54.
Kc4 Kg5 55. Kb3 Kxh5 56. Kc4 Kg4 57. Kb3 h5 58. Kc4 h4 59. Kb3 h3 60. Kc4 h2 61.
Kb3 h1=Q 62. Kc4 Qe4+ 63. Kb3 Qd3+ 64. Ka4 b3 65. Ka3 Qc2 66. Ka4 b2+ 67. Ka3 Qc3+ 68. Ka2 Nb4+ 69. Kb1 Qc1# 0-1

[Event "Late-Titled-Tuesday-Blitz-March-12-2024"]
[Site "Chess.com"]
[Date "2024.03.12"]
[Round "6"]
[White "Boorchess"]
[Black "Gabcur"]
[Result "1-0"]
[WhiteElo "2556"]
[BlackElo "2296"]
[TimeControl "180+1"]
[EndTime "15:05:57 PDT"]
[Termination "Boorchess won on time"]

1. d4 d5 2. c4 c6 3. cxd5 cxd5 4. Nc3 Nf6 5. f3 Nc6 6. e4 e6 7. e5 Nd7 8. f4 g6 9. Nf3 Nb6 10. Be2 Bd7 11. O-O a5 12. g4 h5 13. h3 hxg4 14.
hxg4 a4 15. Kg2 Na5 16. Bd3 Nac4 17. Rh1 Rxh1 18. Qxh1 Qc7 19. Ne2 O-O-O 20. b3 Na5 21. Bd2 Nc6 22. Rc1 Ba3 23. Rc2 Kb8 24. bxa4 Nxa4 25.
Qb1 Qb6 26. Qxb6 Nxb6 27. Ng5 Be8 28. Bb5 Rc8 29. Bc1 Be7 30. Bxc6 Rxc6 31. Rxc6 bxc6 32. Nh7 Nc4 33. f5 gxf5 34. gxf5 Kc7 35. f6 Bb4 36. Kf3 Ba3 37. Bxa3 Nxa3 38. Nf4 Nb5 39. Ke3 c5 40.
dxc5 Kc6 41. Nxe6 fxe6 42. Ng5 Kxc5 43. Nxe6+ Kc4 44. Ng5 d4+ 45. Kd2 Nc7 46. e6 Nxe6 47. Nxe6 Kd5 48. Ng5 Kc4 49. f7 1-0

[Event "Late-Titled-Tuesday-Blitz-March-12-2024"]
[Site "Chess.com"]
[Date "2024.03.12"]
[Round "6"]
[White "RantomOpening"]
[Black "jstopa4"]
[Result "0-1"]
[WhiteElo "2580"]
[BlackElo "2752"]
[TimeControl "180+1"]
[EndTime "15:06:00 PDT"]
[Termination "jstopa4 won by checkmate"]

1. e4 e5 2. Nf3 Nc6 3. c3 d5 4. Qa4 f6 5. d3 Be6 6. Nbd2 Ne7 7. b4 a6 8. Be2 Ng6 9. g3 Be7 10. h4 O-O 11. h5 Nh8 12. Bb2 b5 13. Qc2 a5 14. a3 Nf7 15. Nh4 dxe4 16. dxe4 axb4 17. axb4 Rxa1+ 18. Bxa1 Qa8 19. Bb2 Rb8 20. O-O Qb7 21. Ra1 Nd6 22. Nb3 Nc4 23. Bc1 Bf8 24. Nd2 Nd6 25. Nb3 Nc4 26. Nd2 Nxd2 27. Bxd2 Ne7 28. Ra5 c6 29. Be3 Ra8 30. Qd2 Nc8 31. Rxa8 Qxa8 32.
Qd8 Qa1+ 33. Kh2 Kf7 34. Qc7+ Ne7 35. c4 bxc4 36. Nf5 Qa2 37. Bg4 Bxf5 38. Bxf5 c3 39. Bxh7 c2 40. Bg6+ Kg8 41. Qd7 Qc4 42. Bc1 Nxg6 43.
hxg6 Bxb4 44. Qd1 cxd1=Q 45. Kh3 Qh1+ 46. Kg4 Qe2+ 47. f3 Qexf3# 0-1

[Event "Late-Titled-Tuesday-Blitz-March-12-2024"]
[Site "Chess.com"]
[Date "2024.03.12"]
[Round "6"]
[White "EsmeraldasAnderson03"]
[Black "Andrei_Skvortsov"]
[Result "0-1"]
[WhiteElo "2571"]
[BlackElo "2744"]
[TimeControl "180+1"]
[EndTime "15:06:00 PDT"]
[Termination "Andrei_Skvortsov won by resignation"]

1. d4 g6 2. Nf3 Bg7 3. Bf4 d6 4.
h3 Nd7 5. Bh2 e5 6. e3 Ne7 7.
Be2 e4 8. Nfd2 d5 9. c4 c6 10. Nc3 O-O 11. cxd5 cxd5 12. Nb5 a6 13. Bc7 axb5 14.
Bxd8 Rxd8 15. Bxb5 Nf8 16. O-O Ne6 17. Nb3 b6 18. Qd2 Nf5 19. Rfc1 Rb8 20. a4 Nd6 21. Be2 Bf8 22. a5 bxa5 23. Nxa5 Re8 24. Nc6 Rb6 25. Ra5 Bb7 26. Ne5 Nf5 27. Rb5 Rxb5 28. Bxb5 Rb8 29. Nd7 Ra8 30. Nxf8 Kxf8 31. Qb4+ Kg7 32. g4 Nh4 33.
Be2 Ba6 34. Ra1 Bxe2 35. Rxa8 Nf3+ 36. Kh1 Bf1 37. Ra7 Neg5 38. Qe7 Bxh3 39. b4 Bf1 40. Rd7 h5 41. gxh5 gxh5 42. Rxd5 Nh3 43. Qh4 Nxh4 44. Rxh5 Nf3 45. Rxh3 Bxh3 46. b5 Bc8 47. Kg2 Kf6 48. Kg3 Kg5 49. b6 Nd2 50. d5 Nc4 51. f3 exf3 52.
Kxf3 Nxb6 53. e4 Nc4 54. Ke2 Kf4 55. Kd3 Nd6 56. Kd4 Nxe4 57. d6 Nxd6 0-1

[Event "Late-Titled-Tuesday-Blitz-March-12-2024"]
[Site "Chess.com"]
[Date "2024.03.12"]
[Round "6"]
[White "ContrVersia"]
[Black "mishanick"]
[Result "0-1"]
[WhiteElo "2874"]
[BlackElo "3107"]
[TimeControl "180+1"]
[EndTime "15:06:04 PDT"]
[Termination "mishanick won on time"]

1. Nf3 d5 2. c4 d4 3. b4 f6 4. e3 e5 5. c5 a5 6. Qa4+ Qd7 7. Bb5 c6 8. Bc4 dxe3 9. fxe3 Qg4 10. Qb3 a4 11. Qc2 Qxg2 12. Rf1 Bg4 13. Be2 Ne7 14.
Nc3 Nd7 15. Ne4 Nd5 16. Rg1 Bxf3 17. Rxg2 Bxg2 18. a3 Be7 19. Bb2 Bh3 20. O-O-O Be6 21.
Rg1 g6 22. h4 Nc7 23. h5 Bb3 24. Qb1 Rg8 25. hxg6 hxg6 26. Nd6+ Bxd6 27. cxd6 Nb5 28. Bd1 Bxd1 29. Kxd1 Nf8 30. Qd3 O-O-O 31. Qc2 Rxd6 32. Qxa4 Rh8 33. Qa8+ Kc7 34. Rg2 Rd8 35. Qa5+ Kc8 36. a4 Nc7 37. Kc2 Rd5 38. Qa7 g5 39. Rf2 Nd7 40.
e4 Rd6 41. d4 c5 42. b5 exd4 43. e5 fxe5 44. Rf7 e4 45. Kb3 e3 46. b6 Rxb6+ 47. Ka2 Ra6 0-1

[Event "Late-Titled-Tuesday-Blitz-March-12-2024"]
[Site "Chess.com"]
[Date "2024.03.12"]
[Round "6"]
[White "amiralfio"]
[Black "yuriydovzik"]
[Result "1-0"]
[WhiteElo "2660"]
[BlackElo "2110"]
[TimeControl "180+1"]
[EndTime "15:06:05 PDT"]
[Termination "amiralfio won on time"]

1. d4 Nf6 2. Nf3 b6 3. g3 Bb7 4. Bg2 g6 5. O-O c5 6. c4 cxd4 7. Nxd4 Bxg2 8. Kxg2 Qc8 9. Qd3 Bg7 10. Nc3 O-O 11. b3 Na6 12. Bb2 Nc5 13. Qf3 e5 14. Ndb5 Qc6 15. Rad1 e4 16. Qe3 Ng4 17. Qf4 e3+ 18.
f3 h5 19. Nd5 Bxb2 20. Ne7+ Kg7 21. Nxc6 dxc6 22. Nc7 Be5 23. fxg4 Bxf4 24. Rxf4 Rac8 25.
b4 Rxc7 26. bxc5 bxc5 27. gxh5 gxh5 28. Rf5 Re8 29. Rxh5 Re4 30. Rxc5 Re6 31. Rd3 Rb7 32. Ra3 Rb2 33. Kf3 Rf6+ 34. Kxe3 Re6+ 35. Kf3 Rexe2 36.
h4 Rf2+ 37. Kg4 Rxa2 38. Rxa2 Rxa2 39. Rxc6 a5 40. h5 Rc2 41. h6+ Kh7 42. Kg5 1-0

[Event "Late-Titled-Tuesday-Blitz-March-12-2024"]
[Site "Chess.com"]
[Date "2024.03.12"]
[Round "6"]
[White "carokannlover213"]
[Black "GMBenjaminBok"]
[Result "0-1"]
[WhiteElo "2822"]
[BlackElo "3034"]
[TimeControl "180+1"]
[EndTime "15:06:07 PDT"]
[Termination "GMBenjaminBok won by resignation"]

1. e4 c5 2. Nf3 d6 3. d4 cxd4 4.
Nxd4 Nf6 5. Nc3 a6 6. Bg5 Nbd7 7. Qe2 Qc7 8. O-O-O e6 9. f4 b5 10. a3 Be7 11. g4 Rb8 12. Kb1 b4 13. axb4 Rxb4 14. Nb3 a5 15. Nb5 Qb6 16. e5 dxe5 17. fxe5 Nd5 18.
Bxe7 Kxe7 19. N3d4 Ba6 20. Qd2 Bxb5 21. Bxb5 Rxb5 22.
c4 Rxb2+ 23. Qxb2 Nc3+ 24. Kc2 Qxb2+ 25. Kxb2 Nxd1+ 26. Rxd1 Nxe5 27. Kb3 Rc8 28. Rc1 a4+ 29. Kxa4 Rxc4+ 30. Rxc4 Nxc4 31. Kb3 Ne3 32. h3 Kf6 33. Kc3 Nd5+ 34. Kd3 Nf4+ 35. Ke4 Nxh3 36. Ke3 h6 37. Nc6 Ng5 38. Kf4 Nh7 39. Ne5 Nf8 40. Ke4 Ke7 41. Nc6+ Ke8 42. Ke5 Nd7+ 43. Kd6 Nf6 44. Ne5 Ne4+ 45. Kc6 Ke7 46. Nd7 Nf2 47. Ne5 f6 48. Ng6+ Kf7 49. Nf4 e5 50. Ne2 Nxg4 51. Kd5 h5 52. Ke4 Ke6 53. Ng3 g6 54. Kf3 f5 55. Nf1 g5 56. Nd2 e4+ 57. Kg3 f4+ 58.
Kg2 Kf5 59. Nc4 Ne3+ 60. Nxe3+ fxe3 61. Kf1 Kf4 62. Ke2 h4 63. Kd1 h3 64. Kc2 h2 65.
Kc3 h1=Q 66. Kc4 Qc1+ 0-1

[Event "Late-Titled-Tuesday-Blitz-March-12-2024"]
[Site "Chess.com"]
[Date "2024.03.12"]
[Round "6"]
[White "CaspiIsrael"]
[Black "betta2004"]
[Result "0-1"]
[WhiteElo "2676"]
[BlackElo "2570"]
[TimeControl "180+1"]
[EndTime "15:06:07 PDT"]
[Termination "betta2004 won by checkmate"]

1. e4 e5 2. Nf3 Nf6 3. Nc3 Bc5 4.
Nxe5 Nc6 5. Nf3 O-O 6. d4 Bb4 7. Bd3 d5 8. e5 Ne4 9. Bd2 Nxd2 10. Qxd2 Bg4 11. a3 Ba5 12. Be2 f6 13. h3 Bxf3 14. Bxf3 Bxc3 15. Qxc3 fxe5 16. dxe5 Nxe5 17. Be2 Qf6 18.
O-O-O c6 19. Kb1 Rae8 20. Rhf1 Nd7 21. Qd2 Nc5 22. f3 Qe5 23. Rfe1 Qg3 24. Bf1 Ne6 25.
Qb4 Qc7 26. Re3 a5 27. Qe1 Qd7 28. Qxa5 Nf4 29. Rde1 Rxe3 30. Rxe3 d4 31. Qd2 c5 32. Bc4+ Kh8 33. Re4 Ng6 34. Be6 Qd6 35. a4 Ne5 36.
Ba2 Nc6 37. Bc4 h6 38. b3 Ne5 39. Bd3 Nc6 40. f4 Nb4 41. Bc4 Qg6 42. Qe2 Qf6 43. g3 Qf5 44. g4 Qf6 45. f5 Kh7 46. Re6 Qg5 47. Qe4 Kh8 48. Re8 Qf6 49. Rxf8+ Qxf8 50. Qxb7 Qe8 51. Kb2 Qd8 52. Qf7 Qb8 53. a5 d3 54. c3 Qh2+ 55. Kb1 Qc2+ 56. Ka1 Qa2# 0-1

[Event "Late-Titled-Tuesday-Blitz-March-12-2024"]
[Site "Chess.com"]
[Date "2024.03.12"]
[Round "6"]
[White "agus_k"]
[Black "ritanovikova"]
[Result "1-0"]
[WhiteElo "2576"]
[BlackElo "2252"]
[TimeControl "180+1"]
[EndTime "15:06:07 PDT"]
[Termination "agus_k won on time"]

1. e4 d5 2. exd5 Qxd5 3. Nc3 Qd6 4. d4 Nf6 5. Nb5 Qd8 6. Na3 e5 7. dxe5 Qxd1+ 8. Kxd1 Ng4 9. Ke1 Bc5 10. Nh3 Nxe5 11. Nb5 Na6 12. Bf4 O-O 13. Bxe5 Re8 14. f4 f6 15.
Bc4+ Be6 16. Bxe6+ Rxe6 17. Kd2 fxe5 18. fxe5 Rxe5 19.
Rae1 Rd8+ 20. Kc1 Rde8 21. Rxe5 Rxe5 22. Nc3 c6 23. Kd2 Nb4 24. a3 Nd5 25. Nxd5 Rxd5+ 26. Ke2 Bd4 27. c3 Be5 28. Nf2 Bf4 29. Kf3 Bg5 30. h4 Be7 31. Ke2 Bc5 32. Ne4 Re5 33. Kd3 Be7 34. g3 g6 35. Ke3 Kg7 36. Rd1 Bc5+ 37. Kf3 Rf5+ 38. Kg2 Bf8 39. Ng5 Re5 40. Rd7+ Re7 41.
Ne6+ Kf7 42. Nd8+ Ke8 43. Rxe7+ Bxe7 44. Nxb7 Kd7 45. Na5 Bc5 46. Kf3 Kd6 47. Nb3 Bg1 48. g4 Kd5 49. Nd2 Bb6 50. a4 a5 51. Kf4 Bc7+ 52. Kf3 Bd8 53. h5 gxh5 54. gxh5 Bg5 55. Ke2 Ke5 56. Nf3+ Kf5 57. Nxg5 Kxg5 58. b4 Kxh5 59. bxa5 Kg4 60. a6 h5 61. a7 Kg3 62.
a8=Q h4 63. Qxc6 1-0

[Event "Late-Titled-Tuesday-Blitz-March-12-2024"]
[Site "Chess.com"]
[Date "2024.03.12"]
[Round "6"]
[White "BeanScreen"]
[Black "yobdc"]
[Result "1-0"]
[WhiteElo "2743"]
[BlackElo "2571"]
[TimeControl "180+1"]
[EndTime "15:06:08 PDT"]
[Termination "BeanScreen won on time"]

1. e4 c6 2. d4 d5 3. exd5 cxd5 4. Bd3 Nc6 5. c3 Nf6 6. Bf4 g6 7. Nf3 Bf5 8. Bxf5 gxf5 9. O-O e6 10. Nbd2 Bd6 11. Bg5 Be7 12. Re1 Ne4 13. Bxe7 Qxe7 14. c4 Nxd2 15. Qxd2 Rd8 16. c5 Qf6 17. b4 Rg8 18. b5 Ne7 19. Ne5 f4 20. Qa5 Qg7 21. g3 fxg3 22. hxg3 Nf5 23. Qc3 Qh6 24. c6 Qh3 25. Re3 Nxe3 26. Qxe3 bxc6 27. Nxc6 h5 28. Nxd8 h4 29. Nxe6 fxe6 30. Qf4 hxg3 31. Qb8+ Kf7 32.
Qc7+ Kg6 33. Qxg3+ Qxg3+ 34. fxg3 Kf5 35. Kf2 Ke4 36. Re1+ Kxd4 37. Rxe6 Kc4 38. a4 Kb4 39. Ra6 Rg7 40. Rd6 Kxa4 41. Rxd5 Kb4 42. Kf3 Kc4 43.
Rf5 Rb7 44. g4 Rxb5 45. Rxb5 Kxb5 46. g5 a5 47. g6 a4 48. g7 a3 49. g8=Q a2 50.
Qxa2 1-0

[Event "Late-Titled-Tuesday-Blitz-March-12-2024"]
[Site "Chess.com"]
[Date "2024.03.12"]
[Round "6"]
[White "Felix-Rose"]
[Black "Casper"]
[Result "1/2-1/2"]
[WhiteElo "2288"]
[BlackElo "2468"]
[TimeControl "180+1"]
[EndTime "15:06:08 PDT"]
[Termination "Game drawn by repetition"]

1. e4 Nc6 2. Nf3 g6 3. d4 d6 4.
h3 Bg7 5. Nc3 Nf6 6. Be3 O-O 7.
Be2 a6 8. a4 b6 9. O-O Bb7 10.
Qd2 e6 11. Rfe1 Re8 12. Bf1 Rc8 13. Rad1 Nb8 14. Bh6 Nbd7 15. Bxg7 Kxg7 16. e5 dxe5 17. dxe5 Nd5 18. Nxd5 Bxd5 19. Bxa6 Ra8 20. Bb5 c6 21. Be2 Nc5 22. b3 Qe7 23. Qf4 Red8 24. h4 Be4 25.
Nd4 Bf5 26. g4 Qxh4 27. Qh2 Qxh2+ 28. Kxh2 Be4 29. f3 Rxd4 30. Rxd4 Bxc2 31. Rb4 Nxb3 32.
Rxb6 Rxa4 33. Rxc6 Ra2 34. Kg3 Nd4 35. Rc7 Bb3 36.
Bd3 Bd5 37. Be4 Ne2+ 38. Kh4 Nf4 39. Rc2 Ra3 40. Bxd5 Nxd5 41. Kg3 g5 42. Rh2 Nc3 43.
Reh1 Ne4+ 44. Kg2 Ra2+ 45. Kg1 Ra1+ 46. Kg2 Ra2+ 47. Kg1 Ra1+ 48. Kg2 Ra2+ 1/2-1/2

[Event "Late-Titled-Tuesday-Blitz-March-12-2024"]
[Site "Chess.com"]
[Date "2024.03.12"]
[Round "6"]
[White "tandaleo"]
[Black "karinachess1"]
[Result "0-1"]
[WhiteElo "2475"]
[BlackElo "2614"]
[TimeControl "180+1"]
[EndTime "15:06:11 PDT"]
[Termination "karinachess1 won on time"]

1. d4 Nf6 2. Bf4 e6 3. e3 b6 4. Nf3 Bb7 5. Nbd2 Nh5 6. Bg5 Be7 7. Bxe7 Qxe7 8. Bd3 a6 9. a4 d6 10. a5 b5 11. Qe2 Nd7 12. O-O c5 13. c4 b4 14. Be4 d5 15. Bd3 cxd4 16. Nxd4 Nhf6 17.
cxd5 Nxd5 18. Rfc1 O-O 19. Nc6 Qh4 20. Rc4 Qf6 21.
Ne4 Qh6 22. Nd6 Bxc6 23. Rxc6 Nb8 24. Rc5 Nd7 25. Rc6 Nb8 26. Rcc1 g6 27. h3 Qg7 28. Nc4 Nd7 29. Nd6 Qe5 30. Ne4 Ra7 31. Nc5 Nxc5 32.
Rxc5 Qd6 33. Rac1 Rfa8 34. Rc6 Qd8 35. R1c5 b3 36. Rxa6 Nb4 37. Rxa7 Rxa7 38. Bc4 Rxa5 39. Rxa5 Qxa5 40. Bxb3 Qa1+ 41. Kh2 Kg7 42. Bc4 Qc1 43. b3 Qc3 44. Qf3 Nc2 45. Qb7 Qd2 46. Qf3 Qd6+ 47.
Qf4 Qc5 0-1

[Event "Late-Titled-Tuesday-Blitz-March-12-2024"]
[Site "Chess.com"]
[Date "2024.03.12"]
[Round "6"]
[White "bazar-wokzal"]
[Black "nindjaxx8"]
[Result "1-0"]
[WhiteElo "2573"]
[BlackElo "2682"]
[TimeControl "180+1"]
[EndTime "15:06:12 PDT"]
[Termination "bazar-wokzal won by checkmate"]

1. e4 e6 2. d4 d5 3. e5 c5 4. c3 Nc6 5. Nf3 Qb6 6. Be2 cxd4 7.
cxd4 Nge7 8. Na3 Nf5 9. Nc2 Bb4+ 10. Kf1 h5 11. g3 Bd7 12. Kg2 h4 13. g4 h3+ 14. Kf1 Nh4 15. Nxh4 Rxh4 16. Rg1 Be7 17. f4 Rc8 18. Rg3 Nb4 19. Nxb4 Bxb4 20. Be3 Bb5 21. Rc1 Rxc1 22. Qxc1 Bxe2+ 23. Kxe2 Qb5+ 24. Kf3 Kd7 25. Rg1 Qd3 26. Qb1 Qa6 27. Rc1 Rh8 28. Qc2 Rd8 29.
a3 Be7 30. Kg3 b6 31. Kxh3 Ke8 32. Kg3 Kf8 33. Qh7 Ke8 34. Rc7 Bf8 35. Qg8 Rd7 36.
Rxd7 Kxd7 37. Qxf8 Qd3 38. Qxf7+ Kd8 39. Qf8+ Kc7 40.
Qxg7+ Kb8 41. Qf8+ Kb7 42. Qe7+ Ka6 43. Kh4 Qxe3 44.
Kg5 Qxd4 45. h4 Qxb2 46. h5 d4 47. h6 d3 48. h7 d2 49. h8=Q d1=Q 50. Qc8+ Ka5 51.
Qxa7+ Kb5 52. Qaa6# 1-0

[Event "Late-Titled-Tuesday-Blitz-March-12-2024"]
[Site "Chess.com"]
[Date "2024.03.12"]
[Round "6"]
[White "janhelmer03"]
[Black "rdarruda"]
[Result "0-1"]
[WhiteElo "2399"]
[BlackElo "2555"]
[TimeControl "180+1"]
[EndTime "15:06:12 PDT"]
[Termination "rdarruda won on time"]

1. Nf3 d5 2. e3 Nf6 3. c4 c6 4. Nc3 g6 5. d4 Bg7 6. cxd5 cxd5 7. Be2 O-O 8. O-O Nc6 9. Ne5 e6 10. Nxc6 bxc6 11. b3 Nd7 12. Ba3 Re8 13. Rc1 e5 14. Na4 Bb7 15. Nc5 Nxc5 16. Bxc5 a5 17. Qd2 Ba6 18.
Bxa6 Rxa6 19. Rc2 a4 20. b4 Qb8 21. a3 Qb5 22. Rfc1 h6 23. dxe5 Bxe5 24. Bd4 Bxd4 25.
Qxd4 Re4 26. Qf6 Qd3 27. Rxc6 Rxc6 28. Qxc6 Qxa3 29. b5 Rc4 30. Qa8+ Kg7 31. Rf1 Rc5 32. b6 Rb5 33. b7 Qb3 34. Qa7 Rxb7 35. Qd4+ Kh7 36. h4 a3 37. h5 a2 38. hxg6+ fxg6 39. Ra1 Qb1+ 40. Kh2 h5 41. Qf6 Ra7 42. Qd4 Rf7 43.
f3 Rd7 44. Qf6 Ra7 45. Qd4 Re7 46. Qf6 Rg7 47. Qd4 Rd7 48. Qf6 d4 49. Qe6 Qxa1 50. Qxd7+ Kh6 51. Qd8 dxe3 0-1

[Event "Late-Titled-Tuesday-Blitz-March-12-2024"]
[Site "Chess.com"]
[Date "2024.03.12"]
[Round "6"]
[White "Zq1"]
[Black "ATM622"]
[Result "1-0"]
[WhiteElo "2617"]
[BlackElo "2478"]
[TimeControl "180+1"]
[EndTime "15:06:14 PDT"]
[Termination "Zq1 won by checkmate"]

1. d4 Nf6 2. c4 e6 3. g3 d5 4. Bg2 dxc4 5. Nf3 Bd7 6. Ne5 Bc6 7. Nxc6 Nxc6 8. e3 Qd7 9. O-O O-O-O 10. Qa4 Nd5 11.
Qxc4 h5 12. Nc3 h4 13. Ne4 hxg3 14. hxg3 f5 15. Nc5 Bxc5 16. Qxc5 g5 17. Bd2 g4 18. Rfc1 Rh5 19. b4 Rdh8 20. b5 Qh7 21. Kf1 Nce7 22.
Qxa7 f4 23. exf4 Qd3+ 24. Kg1 Qxd2 25. Qa8+ Kd7 26. Qxb7 Qd3 27. b6 Rc8 28. bxc7 Qxd4 29. Rd1 Qc5 30. Rac1 Qd6 31. Qb5+ Nc6 32. Rc5 Kxc7 33.
Rdc1 Kd7 34. a4 Rc7 35. a5 Ne7 36. Rxh5 Qd2 37. Qf1 Qxa5 38. Rxa5 Nxa5 39. Rxc7+ Kxc7 40. Qd1 Nac6 41. Qxg4 Nf5 42. Qd1 Ncd4 43. Be4 Kd6 44. Bxf5 Kc5 45. Qxd4+ Kxd4 46. Bxe6 Kc5 47. f5 Kd6 48. g4 Ke7 49. g5 Kf8 50. Kg2 Kg7 51. Kg3 Kh8 52. Kf4 Kg7 53. Ke5 Kh8 54. Kf6 Kh7 55. g6+ Kh6 56. g7 Kh5 57. g8=Q Kh4 58. Qg3+ Kh5 59. Qh3# 1-0

[Event "Late-Titled-Tuesday-Blitz-March-12-2024"]
[Site "Chess.com"]
[Date "2024.03.12"]
[Round "6"]
[White "KorolDimitriy75"]
[Black "DonBroca"]
[Result "0-1"]
[WhiteElo "2418"]
[BlackElo "2251"]
[TimeControl "180+1"]
[EndTime "15:06:15 PDT"]
[Termination "DonBroca won on time"]

1. d4 Nf6 2. c4 e6 3. Nc3 Bb4 4.
Qc2 c5 5. dxc5 Bxc5 6. Nf3 O-O 7. Bg5 h6 8. Bh4 Nc6 9. e3 b6 10. Be2 Bb7 11. O-O Be7 12. Rfd1 d6 13. Rac1 Rc8 14.
Qa4 a6 15. h3 Nh5 16. Bxe7 Qxe7 17. Qb3 Qc7 18. Na4 Nf6 19. Qxb6 Rfd8 20. Qxc7 Rxc7 21.
b3 Kf8 22. Kf1 Ke7 23. Nc3 Rcd7 24. Nd4 Nxd4 25. Rxd4 d5 26. cxd5 Nxd5 27. Nxd5+ Bxd5 28. Bxa6 Ra8 29. Bb5 Rd6 30. Ba4 e5 31. Rb4 Rad8 32.
Rc7+ Kf6 33. f3 Be6 34. Rc2 Rd1+ 35. Ke2 Rg1 36. Kf2 Rdd1 37. Rb6 h5 38. h4 g5 39. hxg5+ Kxg5 40. Rc5 h4 41. Rxe5+ Kf6 42. f4 Rgf1+ 43. Ke2 Kg7 44. Rbxe6 fxe6 45. Rxe6 Kf7 46. Re5 Rde1+ 47. Kd3 Rd1+ 48. Ke4 Rg1 49. Rf5+ Kg6 50. Rg5+ Kh6 51. Be8 Rd2 0-1

[Event "Late-Titled-Tuesday-Blitz-March-12-2024"]
[Site "Chess.com"]
[Date "2024.03.12"]
[Round "6"]
[White "kleber2007"]
[Black "ansko1999"]
[Result "1/2-1/2"]
[WhiteElo "2537"]
[BlackElo "2688"]
[TimeControl "180+1"]
[EndTime "15:06:17 PDT"]
[Termination "Game drawn by repetition"]

1. Nf3 Nf6 2. g3 b6 3. Bg2 Bb7 4. O-O g6 5. b3 Bg7 6. Bb2 O-O 7. c4 c5 8. d4 cxd4 9. Qxd4 d6 10. Nc3 Nbd7 11.
Rfd1 Nc5 12. Ne1 Bxg2 13. Nxg2 Nfe4 14. Qe3 Qc8 15. f3 Nxc3 16. Bxc3 Bxc3 17. Qxc3 Qe6 18. Nf4 Qc8 19. Nd5 Qb7 20. Kg2 Rfc8 21. h4 h5 22. e4 Ne6 23. Qd3 Re8 24. Rac1 Rac8 25.
a4 Nc7 26. Qe3 Nxd5 27. exd5 e5 28. dxe6 Rxe6 29. Qd3 Rce8 30. Rc2 Re3 31. Qd5 Qe7 32. Rf2 Rxb3 33. Qxd6 Qxd6 34. Rxd6 Ra3 35. c5 bxc5 36. Ra6 Re7 37. Rc2 Rc7 38. Rc4 Ra2+ 39. Kh3 Kg7 40. Ra5 Re7 41. g4 hxg4+ 42. Kxg4 Rg2+ 43.
Kf4 f6 44. Raxc5 Rh2 45. Kg3 Rhe2 46. Rc7 Kf7 47. a5 a6 48. R4c6 Rxc7 49. Rxc7+ Re7 50.
Rc6 Re6 51. Rc7+ Re7 52. Rc6 Re6 53. Rc7+ Kf8 54. Ra7 Rc6 55. f4 f5 56. Kf3 Rc3+ 57.
Ke2 Rc6 58. Ke3 Re6+ 59. Kf3 Kg8 60. Kf2 Rc6 61. Kf3 Re6 62. Kf2 Rc6 63. Kf3 Rc3+ 64. Kf2 Rc6 1/2-1/2

[Event "Late-Titled-Tuesday-Blitz-March-12-2024"]
[Site "Chess.com"]
[Date "2024.03.12"]
[Round "6"]
[White "tarno17"]
[Black "Boninknights"]
[Result "1/2-1/2"]
[WhiteElo "2216"]
[BlackElo "2421"]
[TimeControl "180+1"]
[EndTime "15:06:17 PDT"]
[Termination "Game drawn by repetition"]

1. e4 e5 2. Nf3 Qe7 3. c3 g6 4.
Bc4 Bg7 5. O-O Nf6 6. Re1 O-O 7. d3 h6 8. Nbd2 d6 9. h3 a5 10. Bb3 Nbd7 11. Nf1 Nc5 12. Bc2 Nh5 13. d4 Ne6 14. Ng3 Nhf4 15. Be3 Ng5 16. Bxf4 exf4 17. Nf1 Nxf3+ 18.
Qxf3 g5 19. Nh2 c5 20. Qd3 cxd4 21. cxd4 Rd8 22. Rad1 Be6 23. a3 Rac8 24. Bb1 Bc4 25. Qf3 a4 26. Qh5 Qf6 27. e5 dxe5 28. Ng4 Qb6 29.
Nxe5 Rxd4 30. Rxd4 Qxd4 31. Nxc4 Qxc4 32. Qg4 Rd8 33.
Qf5 Qd5 34. Qh7+ Kf8 35. Be4 Qd2 36. Rb1 Qe2 37. Qf5 Rd1+ 38. Rxd1 Qxd1+ 39. Kh2 Bd4 40. Qc8+ Kg7 41. Qf5 Bxf2 42. Qh7+ Kf8 43. Qh8+ Ke7 44.
Qe5+ Kd7 45. Bf5+ Kc6 46. Qc3+ Kb6 47. Qb4+ Ka7 48. Qa5+ Kb8 49. Qe5+ Ka7 50. Qa5+ Kb8 51. Qe5+ Ka7 52. Qa5+ 1/2-1/2

[Event "Late-Titled-Tuesday-Blitz-March-12-2024"]
[Site "Chess.com"]
[Date "2024.03.12"]
[Round "6"]
[White "jk13"]
[Black "ketster"]
[Result "1-0"]
[WhiteElo "2702"]
[BlackElo "2563"]
[TimeControl "180+1"]
[EndTime "15:06:18 PDT"]
[Termination "jk13 won on time"]

1. e4 c5 2. c3 d5 3. exd5 Nf6 4.
d4 Nxd5 5. Nf3 cxd4 6. Nxd4 e5 7. Nb5 Be6 8. Bc4 Nf4 9. Qxd8+ Kxd8 10. Bxe6 Nxe6 11. Be3 Bc5 12. Nd2 Nd7 13. Ne4 Bxe3 14. fxe3 Ke7 15. O-O-O Rhd8 16. Nbd6 Ndc5 17. Nf5+ Kf8 18.
Nxc5 Nxc5 19. Kc2 g6 20. Nd6 Rd7 21. b4 Ne6 22. Nc4 Re7 23. Nxe5 Ng5 24. Rd5 h6 25. Rf1 Kg7 26. Rf4 Rae8 27. Nc4 a6 28. a4 Ne4 29. h4 h5 30. Kb3 Nf6 31. Rd6 Ne4 32. Rd4 Nf6 33. Nd6 Rb8 34. e4 Ng4 35. a5 Ne5 36. Nc4 Nc6 37. Rd5 Rbe8 38. Nd6 Rb8 39. g4 hxg4 40. Rxg4 Kf8 41. Rf4 Rd8 42. Kc4 Red7 43.
Kc5 Ne7 44. Rxf7+ Kg8 45. Rf6 Nxd5 46. Kxd5 Rc7 47. c4 Kg7 48. e5 Re7 49. Re6 Red7 50. c5 Rc7 51. Re8 Rxe8 52. Nxe8+ Kf7 53. Nxc7 Ke7 54.
e6 Kd8 55. Kd6 Kc8 56. e7 1-0

[Event "Late-Titled-Tuesday-Blitz-March-12-2024"]
[Site "Chess.com"]
[Date "2024.03.12"]
[Round "6"]
[White "ural58"]
[Black "andrew-blr"]
[Result "1/2-1/2"]
[WhiteElo "2503"]
[BlackElo "2637"]
[TimeControl "180+1"]
[EndTime "15:06:18 PDT"]
[Termination "Game drawn - insufficient material"]

1. e4 c5 2. b3 d5 3. exd5 Nf6 4.
Bb5+ Bd7 5. Bxd7+ Nbxd7 6. c4 g6 7. Bb2 Bg7 8. Nf3 O-O 9. O-O Qc7 10. Re1 Rfe8 11.
Nc3 a6 12. d4 cxd4 13. Nxd4 Nc5 14. Qd2 Rad8 15. h3 e5 16. dxe6 Nxe6 17. Nxe6 Rxd2 18. Nxc7 Rxe1+ 19. Rxe1 Rxb2 20. Re2 Rxe2 21. Nxe2 Ne4 22.
f3 Nc5 23. Nd5 f5 24. Kf1 Kf7 25. Ke1 Nd3+ 26. Kd2 Nc5 27. b4 Ne6 28. Kd3 g5 29. a4 h5 30. b5 axb5 31. cxb5 Nc5+ 32. Kc4 Nxa4 33. Nd4 Bxd4 34. Kxd4 Ke6 35. Nb4 h4 36. Nd3 b6 37. f4 g4 38. Ne5 gxh3 39. gxh3 Nb2 40.
Nf3 Nd1 41. Nxh4 Nf2 42. Ng6 Nxh3 43. Ke3 Kd5 44. Ne7+ Kc5 45. Nxf5 Kxb5 46. Nd4+ Kc4 47. f5 Ng5 48. Ne6 Nf7 49. Nc7 Kc5 50. Ke4 Kc6 51. Na6 b5 52. Nb4+ Kc5 53. Nc2 Kd6 54. Kd4 Ne5 55. Ne3 Nc6+ 56. Kc3 Kc5 57. f6 b4+ 58.
Kb2 Ne5 59. Nc2 Kc4 60. Nxb4 Kxb4 61. f7 Nd7 62. f8=Q+ Nxf8 1/2-1/2